[Event "MČR družstev mladších žáků 2024"]
[Site "Harrachov, Czech Republic"]
[Date "2024.06.15"]
[Round "5.10"]
[White "Kozusnik Jan"]
[Black "Hamernikova Iris"]
[Result "1-0"]
[TimeControl "25+10"]
[WhiteFideId "23731796"]
[BlackFideId "23745738"]
[WhiteElo "1345"]
[BlackElo "1216"]

1. e4 e5 2. Nf3 Nc6 3. d4 exd4 4. Bc4 Nf6 5. e5 d5 6. Bb5 Ne4 7. Nxd4 Bd7 8. Bxc6 bxc6 9. O-O Bc5 10. f3 Ng5 11. f4 Ne4 12. Be3 Bb6 13. Nd2 Nxd2 14. Qxd2 O-O 15. Nb3 Qe7 16.
a4 Bf5 17. a5 Bxe3+ 18. Qxe3 Bxc2 19. Nd4 Be4 20. Nxc6 Qd7 21. Nd4 c5 22. Nb3 c4 23. Nc5 Qc6 24. Nxe4 dxe4 25. Rae1 Rab8 26.
Re2 Rb3 27. Qxa7 Ra8 28. Qd4 Rd3 29. Qxe4 Qxe4 30. Rxe4 Rxa5 31. Rxc4 g6 32. g3 Rd2 33. Rf2 Ra1+ 34. Kg2 Rdd1 35.
Rcc2 Rd3 36. b4 Rb3 37. Rb2 Rb1 38. Rxb1 Rxb1 39. Kf3 Rb3+ 40. Kg4 Rxb4 41. h4 h5+ 42. Kh3 Rb3 43. Re2 Kg7 44.
e6 fxe6 45. Rxe6 Kf7 46. Ra6 Rc3 47. Rd6 Ra3 48. Rd5 Ke6 49. Rg5 Kf6 50. Kg2 Rb3 51. f5 Rb5 52. Rxg6+ Kf7 53. Rg5 Kf6 54.
Rxh5 Rxf5 55. Rxf5+ Kxf5 56. Kf3 Kf6 57. Kf4 Kg6 58.
g4 Kf6 59. g5+ Kg6 60. Kg4 Kf7 61. Kh5 Kg7 62. g6 Kf8 63.
Kh6 Kg8 64. g7 1-0



[ePGN "0.1;DGT LiveChess/2.2.6"]

[Event "MČR družstev mladších žáků 2024"]
[Site "Harrachov, Czech Republic"]
[Date "2024.06.15"]
[Round "5.11"]
[White "Prikryl Daniel"]
[Black "Lackova Lucie"]
[Result "0-1"]
[TimeControl "25+10"]
[WhiteFideId "23745770"]
[BlackFideId "23731800"]
[WhiteElo "1199"]
[BlackElo "1601"]

1. e4 c6 2. Nf3 d5 3. exd5 cxd5 4. d4 Bg4 5. Nc3 Nc6 6. Be2 e6 7. h3 Bh5 8. g4 Bg6 9. Bf4 Nf6 10. Bd3 Bxd3 11. cxd3 Qb6 12.
Qd2 Nxd4 13. Ne5 Bd6 14. O-O Bxe5 15. Qc1 Bxf4 16. Qxf4 Rc8 17. Kh1 Nc6 18. b3 Ne7 19. Ne2 Ng6 20.
Qd2 O-O 21. g5 Nd7 22. Ng3 Nde5 23. Kg2 Nh4+ 24. Kh1 Nef3 25. Qf4 Rc2 26. d4 Qxd4 27. Qxd4 Nxd4 28. Kg1 Nhf3+ 29. Kh1 Nxg5 30.
Kg2 Ngf3 31. b4 Rb2 32. a3 Ne5 33. Rfe1 Nc2 34. Re2 Nxa1 35. Rxb2 Nc4 36. Rb1 Nc2 37. Ne2 N2xa3 38. Rb3 Nb5 39.
Kf3 Nd2+ 0-1



[ePGN "0.1;DGT LiveChess/2.2.6"]

[Event "MČR družstev mladších žáků 2024"]
[Site "Harrachov, Czech Republic"]
[Date "2024.06.15"]
[Round "5.12"]
[White "Hlavacek Pavel"]
[Black "Pecinka Lukas"]
[Result "1-0"]
[TimeControl "25+10"]
[WhiteFideId "23761768"]
[BlackFideId "23763574"]
[WhiteElo "1307"]
[BlackElo "1121"]

1. d4 d5 2. c4 e6 3. Nc3 Nf6 4. Bg5 Bb4 5. Nf3 h6 6. Bh4 g5 7. Bg3 Nc6 8. e3 Ne4 9. Qc2 Nxg3 10.
hxg3 Qf6 11. cxd5 exd5 12. Bd3 Be6 13. Nd2 O-O-O 14. O-O-O Qxf2 15. Kb1 Qxe3 16. Nb3 Nxd4 17. Nxd4 Qxd4 18. Qb3 Bg4 19. Be2 Bf5+ 20. Ka1 Qc5 21.
Nxd5 Bc2 22. Qxb4 Qxb4 23. Nxb4 Bxd1 24. Rxd1 Rxd1+ 25. Bxd1 Rd8 26. Bc2 Rd2 27. Be4 Rd1+ 28. Bb1 Rg1 29.
g4 Rxg2 30. a3 Rxg4 31. Bf5+ Kd8 32. Bxg4 f6 33. Kb1 Ke7 34. Kc2 Kd6 35. Kd3 Ke5 36. Ke3 f5 37. Bh5 f4+ 38. Kf3 Kf5 39. Nd3 b5 40. b4 a6 41. Nc5 g4+ 42. Bxg4+ Kg5 43. Nxa6 h5 44. Bxh5 Kxh5 45. Kxf4 Kg6 46. Nxc7 Kf6 47. Nxb5 Ke6 48. Ke4 Kd7 49. Kd5 Kc8 50. a4 Kb7 51. Nd4 Kb6 52. Kc4 Ka6 53. a5 Kb7 54. b5 Ka7 55. Kc5 Kb7 56. Nc2 Kc7 57. a6 Kb8 58. b6 Ka8 59. Kc6 Kb8 60. a7+ Ka8 61. b7+ 1-0



[ePGN "0.1;DGT LiveChess/2.2.6"]

[Event "MČR družstev mladších žáků 2024"]
[Site "Harrachov, Czech Republic"]
[Date "2024.06.15"]
[Round "5.13"]
[White "Velim Vojtech"]
[Black "Padivy Jan"]
[Result "1-0"]
[TimeControl "25+10"]
[WhiteFideId "23749407"]
[BlackFideId "23752904"]
[WhiteElo "1814"]
[BlackElo "1500"]

1. d4 e6 2. Nf3 b6 3. c4 Bb7 4. Nc3 Bb4 5. g3 Nf6 6. Bg2 d6 7. a3 Bxc3+ 8. bxc3 Nbd7 9. O-O O-O 10.
Bg5 h6 11. Bxf6 Nxf6 12. Nd2 Bxg2 13. Kxg2 c5 14. e4 Qc7 15. d5 exd5 16. cxd5 Rfe8 17. Qc2 a6 18. Rfe1 Nd7 19. f4 g6 20.
Nf3 b5 21. Re2 Re7 22. Rae1 Rae8 23. Qd2 Kg7 24. e5 Qb8 25. e6 fxe6 26. dxe6 Nf8 27. Qd5 Qc8 28. f5 gxf5 29. Nh4 Rxe6 30. Nxf5+ Kf6 31. Rf2 Kg6 32. Nxd6 Qa8 33. Qxa8 Rxa8 34. Rxf8 Rxe1 35. Rxa8 Re2+ 36.
Kh3 Rc2 37. Rxa6 Kg7 38. Nxb5 c4 39. Ra4 Re2 40. Rxc4 1-0



[ePGN "0.1;DGT LiveChess/2.2.6"]

[Event "MČR družstev mladších žáků 2024"]
[Site "Harrachov, Czech Republic"]
[Date "2024.06.15"]
[Round "5.14"]
[White "Koupil Stepan"]
[Black "Kala Jakub"]
[Result "0-1"]
[TimeControl "25+10"]
[WhiteFideId "23742119"]
[BlackFideId "23753897"]
[WhiteElo "1423"]
[BlackElo "1657"]

1. e4 c6 2. d4 d5 3. exd5 cxd5 4. Bd3 Nf6 5. h3 Nc6 6. Nf3 g6 7. c3 Bf5 8. O-O Bg7 9. Bf4 Ne4 10.
Re1 O-O 11. Ng5 e5 12. dxe5 Nxg5 13. Bxf5 gxf5 14. Bxg5 Qxg5 15. Nd2 Nxe5 16. Nf3 Nxf3+ 17. Qxf3 d4 18. cxd4 Bxd4 19. Rad1 Rad8 20.
h4 Qxh4 21. Qxf5 Qf6 22. Qg4+ Kh8 23. Rf1 Rg8 24. Qe2 Qc6 25. g3 Rxg3+ 0-1



[ePGN "0.1;DGT LiveChess/2.2.6"]

[Event "MČR družstev mladších žáků 2024"]
[Site "Harrachov, Czech Republic"]
[Date "2024.06.15"]
[Round "5.15"]
[White "Levchenko Alisa"]
[Black "Sara David"]
[Result "1-0"]
[TimeControl "25+10"]
[WhiteFideId "23760311"]
[BlackFideId "23746599"]
[WhiteElo "1302"]
[BlackElo "1379"]

1. d4 d5 2. c4 e6 3. Nf3 c5 4. cxd5 exd5 5. dxc5 Bxc5 6. Nc3 Bb4 7. a3 Bxc3+ 8. bxc3 Bf5 9. Nd4 Bg6 10.
Bf4 a6 11. Qb3 Qd7 12. e3 Ne7 13. Be2 O-O 14. O-O Nbc6 15. Qb6 Nxd4 16. cxd4 Rac8 17. Rac1 Nc6 18. h3 Rfe8 19. Bg4 f5 20.
Bf3 Re6 21. Rc5 Ne7 22. Qb3 Rxc5 23. dxc5 Bf7 24. Bd6 d4 25. Qxb7 Qxb7 26. Bxb7 dxe3 27. fxe3 Kf8 28. Bxa6 Ke8 29.
Bxe7 Kxe7 30. Bc4 Rxe3 31. Bxf7 Kxf7 32. Rxf5+ Ke6 33. Rf3 Re5 34. Rc3 Kd7 35. c6+ Kc7 36. Kf2 g6 37. Kf3 Rf5+ 38. Ke4 Rf2 39. g4 Rf6 40.
Ke5 Rd6 41. a4 Rd1 42. Kf6 Rg1 43. Kg7 h5 44. gxh5 gxh5 45. Kh6 Ra1 46. Rc4 Rh1 47. h4 Kd8 1-0



[ePGN "0.1;DGT LiveChess/2.2.6"]

[Event "MČR družstev mladších žáků 2024"]
[Site "Harrachov, Czech Republic"]
[Date "2024.06.15"]
[Round "5.16"]
[White "Malek Daniel"]
[Black "Zavrel Daniel"]
[Result "1-0"]
[TimeControl "25+10"]
[WhiteFideId "23742720"]
[BlackFideId "23753951"]
[WhiteElo "1246"]
[BlackElo "1106"]

1. e4 e5 2. Nf3 Nc6 3. Bc4 Bc5 4. c3 Nf6 5. d4 exd4 6. cxd4 Bb4+ 7. Bd2 Nxe4 8. Bxb4 Nxb4 9. Bxf7+ Kf8 10. O-O d5 11. Ne5 Nc6 12. Nxc6 bxc6 13. Bh5 Qg5 14.
Qe2 Nf6 15. Re1 Ne4 16. Qf3+ Qf6 17. Nc3 Qxf3 18. Bxf3 Nf6 19. Rac1 Bd7 20. Na4 Re8 21. Rxe8+ Bxe8 22. Nc5 Kf7 23.
Na6 Bd7 24. Nxc7 Rb8 25. b3 Rc8 26. Na6 Re8 27. Nc5 Rc8 28. Nxd7 Nxd7 29. Bxd5+ Ke7 30. Rxc6 Rxc6 31. Bxc6 Nf6 32.
f3 Kd6 33. Be4 Kc7 34. Kf2 Kb6 35. Ke3 Kb5 36. a3 a5 37. Kf4 a4 38. Bd3+ Ka5 39. b4+ Kb6 40. Ke5 h6 41. d5 Kc7 42.
Bb5 Nd7+ 43. Bxd7 Kxd7 1-0



[ePGN "0.1;DGT LiveChess/2.2.6"]

[Event "MČR družstev mladších žáků 2024"]
[Site "Harrachov, Czech Republic"]
[Date "2024.06.15"]
[Round "5.19"]
[White "Frantsev Iegor"]
[Black "Fadrny Jachym"]
[Result "0-1"]
[TimeControl "25+10"]
[WhiteFideId "23736305"]
[BlackFideId "23744170"]
[WhiteElo "1413"]
[BlackElo "1537"]

1. e4 e6 2. d4 d5 3. Nc3 Nc6 4. e5 Bd7 5. a3 Be7 6. f4 Nh6 7. Nf3 Nf5 8. g4 Bh4+ 9. Ke2 Nh6 10.
g5 Nf5 11. Bh3 Nce7 12. Bxf5 Nxf5 13. Nxh4 Nxh4 14. Qe1 Nf5 15. Be3 c5 16. Qf2 c4 17. h4 b5 18. h5 Ke7 19. Qg2 Rg8 20.
g6 fxg6 21. hxg6 h6 22. Bf2 Qb6 23. Rad1 a5 24. Rh5 Rgf8 25. Qxd5 Bc6 26. Qc5+ Qxc5 27. dxc5 b4 28. Nb1 Be4 29.
Rd2 Rfd8 30. Rxd8 Rxd8 31. Rxf5 Bxf5 32. Bh4+ Ke8 33. Bxd8 Kxd8 34. Nd2 c3 35. bxc3 bxa3 36. Nb3 Bxc2 37. Nc1 Bxg6 38. Kd2 h5 39. c4 h4 40. Ke2 Kc7 41. Nb3 a4 42. Na1 Kc6 43. Ke3 Kxc5 0-1



[ePGN "0.1;DGT LiveChess/2.2.6"]

[Event "MČR družstev mladších žáků 2024"]
[Site "Harrachov, Czech Republic"]
[Date "2024.06.15"]
[Round "5.2"]
[White "Sudrich Radek"]
[Black "Artamonov Mikhail"]
[Result "1-0"]
[TimeControl "25+10"]
[WhiteFideId "23734361"]
[BlackFideId "23732946"]
[WhiteElo "1470"]
[BlackElo "1515"]

1. d4 e6 2. c4 d5 3. Nc3 Nf6 4.
Nf3 Be7 5. Bg5 O-O 6. e3 Nc6 7. cxd5 exd5 8. a3 Bf5 9. Bd3 Bxd3 10. Qxd3 Qd7 11. O-O Rae8 12. Bxf6 Bxf6 13. Qb5 Rd8 14.
b4 Rfe8 15. Rac1 h6 16. Qxb7 Rb8 17. Qa6 Rb6 18. Qd3 Ne7 19. Ne2 Ng6 20. Ng3 c6 21. Qf5 Qxf5 22. Nxf5 Rc8 23. Rc3 Re8 24.
Rfc1 Re6 25. Ne1 Ne7 26. Nxe7+ Bxe7 27. Nd3 f6 28. Nf4 Rd6 29. Nd3 Re6 30. Kf1 Kf7 31. Ke2 Ke8 32. f4 Kd7 33.
Kf3 Bd6 34. Nc5+ Bxc5 35. Rxc5 a6 36. Re1 f5 37. g4 g6 38. gxf5 gxf5 39. Rg1 Re7 40. Rg6 Re6 41. Rg7+ Re7 42. Rg3 Re6 43. Kg2 Re7 44. Kh3 Rb8 45. Kh4 Rbe8 46. Rc3 Re6 47.
Kh5 R8e7 48. h4 Rf6 49. Rg6 Ree6 50. Rg7+ Kd6 51. Ra7 Rg6 52. Rxa6 Kd7 53. Ra7+ Kd6 54. Rf7 Rgf6 55. Rxf6 Rxf6 56.
a4 Kd7 57. b5 cxb5 58. axb5 Rd6 59. Rc6 Rxc6 60. bxc6+ Kxc6 61. Kxh6 1-0



[ePGN "0.1;DGT LiveChess/2.2.6"]

[Event "MČR družstev mladších žáků 2024"]
[Site "Harrachov, Czech Republic"]
[Date "2024.06.15"]
[Round "5.20"]
[White "Vorlik Jachym"]
[Black "Mauric Jan"]
[Result "1-0"]
[TimeControl "25+10"]
[WhiteFideId "23750901"]
[BlackFideId "23744200"]
[WhiteElo "1388"]
[BlackElo "1306"]

1. e4 e5 2. Nf3 Nc6 3. d4 exd4 4. Nxd4 Qf6 5. Be3 Bb4+ 6. c3 Ba5 7. Nxc6 Qxc6 8. Nd2 Ne7 9. Bd4 O-O 10.
Bd3 Bb6 11. O-O Bxd4 12. cxd4 Qg6 13. Nf3 d5 14. Qc2 dxe4 15. Bxe4 f5 16. Bd3 Qc6 17. Rac1 Qxc2 18. Rxc2 c6 19.
Bc4+ Kh8 20. Ne5 g6 21. Re1 Ng8 22. Re3 Kg7 23. d5 f4 24. Re1 Bf5 25. Rc3 b5 26. Bb3 cxd5 27. Rc7+ Kh6 28.
Nf7+ Kh5 29. Bxd5 Rae8 30. Bf3+ Bg4 31. Rc5+ Kh4 32. g3+ Kh3 33. Bg2# 1-0



[ePGN "0.1;DGT LiveChess/2.2.6"]

[Event "MČR družstev mladších žáků 2024"]
[Site "Harrachov, Czech Republic"]
[Date "2024.06.15"]
[Round "5.21"]
[White "Hujova Tess"]
[Black "Bartak Tobias"]
[Result "1-0"]
[TimeControl "25+10"]
[WhiteFideId "23744936"]
[BlackFideId "23753544"]
[WhiteElo "1311"]
[BlackElo "1260"]

1. e4 e5 2. Nf3 Nf6 3. Nc3 Bb4 4. Bc4 d6 5. d3 O-O 6. O-O Bg4 7. h3 Bh5 8. Bg5 h6 9. Bh4 c6 10.
a3 Bc5 11. Na4 Bb6 12. Nxb6 axb6 13. Re1 b5 14. Bb3 Nbd7 15. d4 Bxf3 16. gxf3 exd4 17. Qd2 d3 18. Qxd3 Ne5 19. Qd4 g5 20. Kg2 c5 21. Bg3 c4 22. Qd2 Nh5 23. Ba2 Nxg3 24. Rad1 Qe7 25. fxg3 Qf6 26.
f4 gxf4 27. Qxf4 Qg6 28. Qf5 Qxf5 29. exf5 Rad8 30. Bb1 f6 31. Rd5 Rf7 32. Rxb5 d5 33. b3 c3 34. Ba2 Rc7 35. b4 Nc4 36.
Bxc4 dxc4 37. Kf2 Rd2+ 38. Re2 Rcd7 39. Rc5 Rxe2+ 40. Kxe2 Rd2+ 41. Ke1 Rxc2 42. Rxc4 Rc1+ 43. Ke2 Rc2+ 44. Kd3 Rg2 45. Rxc3 Rxg3+ 46. Kd4 Rg7 47. a4 Rd7+ 48. Ke4 Re7+ 49. Kf4 Rd7 50. Rc4 Kh7 51. a5 h5 52. b5 Kh6 53. Ke4 Re7+ 54. Kd4 Rd7+ 55.
Kc5 Kg5 56. a6 bxa6 57. bxa6 Kxf5 58. Kb6 Rd6+ 59. Rc6 Rd3 60. a7 Rb3+ 61. Kc7 Ra3 62. Kb7 Rxa7+ 63. Kxa7 Kg5 64. Rc4 f5 65.
h4+ Kf6 66. Rc6+ Kg7 67. Kb6 Kf7 68. Rh6 Ke6 1-0



[ePGN "0.1;DGT LiveChess/2.2.6"]

[Event "MČR družstev mladších žáků 2024"]
[Site "Harrachov, Czech Republic"]
[Date "2024.06.15"]
[Round "5.22"]
[White "Vratny Vojtech"]
[Black "Jenikova Sabina"]
[Result "0-1"]
[TimeControl "25+10"]
[WhiteFideId "23753692"]
[BlackFideId "23759860"]
[WhiteElo "1208"]
[BlackElo "1114"]

1. Nf3 e6 2. g3 b6 3. Bg2 Bb7 4. O-O c5 5. d3 Nc6 6. e4 d6 7. Nc3 Be7 8. Re1 Nf6 9. Bg5 a6 10.
a4 Qc7 11. Qe2 O-O 12. Rad1 Rad8 13. Qd2 Rfe8 14. Ne2 b5 15. axb5 axb5 16. c3 Ra8 17. Bxf6 Bxf6 18. d4 c4 19.
Ra1 Na5 20. Nc1 Ra6 21. Qc2 Rea8 22. Ra2 Be7 23. Nd2 Nc6 24. Rxa6 Rxa6 25. b3 Nd8 26. bxc4 bxc4 27. Na2 d5 28.
exd5 exd5 29. Nc1 Bf8 30. Ne2 Qe7 31. Nf3 Ne6 32. Nf4 g6 33. Nxe6 Rxe6 34. Rxe6 Qxe6 35. Qb1 Bc8 36. Ng5 Qd6 37.
Qb5 Be6 38. Nxe6 fxe6 39. Bh3 Kf7 40. Qb7+ Be7 41. Qb1 Qa3 42. Qe1 Qa6 43. Kg2 Bf6 44. Qe3 Qd6 45. Qf3 Ke7 46. Qg4 e5 47.
dxe5 Bxe5 48. Qh4+ Ke8 49. Qxh7 Bxc3 50. Qg8+ Ke7 51. Qh7+ Kf8 52. Qh6+ Bg7 53. Qd2 Qc6 54. Qb4+ Kf7 55.
Qd2 c3 56. Qf4+ Qf6 57. Qc7+ Qe7 58. Qa5 Qe4+ 59. Kf1 c2 60. Qc7+ Kg8 61. Qc8+ Kh7 62. Qc5 Qc4+ 63. Qxc4 0-1



[ePGN "0.1;DGT LiveChess/2.2.6"]

[Event "MČR družstev mladších žáků 2024"]
[Site "Harrachov, Czech Republic"]
[Date "2024.06.15"]
[Round "5.25"]
[White "Honcharov Makar"]
[Black "Sotek Matej"]
[Result "1-0"]
[TimeControl "25+10"]
[WhiteFideId "23746203"]
[BlackFideId "23742178"]
[WhiteElo "1806"]
[BlackElo "1573"]

1. e4 c6 2. d4 d5 3. e5 Bf5 4. Nf3 e6 5. Be2 c5 6. Be3 Nc6 7. O-O cxd4 8.
Nxd4 Nxd4 9. Bxd4 Ne7 10. c3 Nc6 11. Nd2 Be7 12. f4 g5 13. g4 Be4 14. f5 Qc7 15. Nxe4 dxe4 16. fxe6 fxe6 17. Qb3 O-O-O 18. Qxe6+ Qd7 19. Qxd7+ Rxd7 20. e6 Rxd4 21. cxd4 Nxd4 22. Bc4 e3 23.
Rf7 Bc5 24. Kg2 e2 25. Rc1 Nc2 26. Bxe2 Ne3+ 27. Kf3 1-0



[ePGN "0.1;DGT LiveChess/2.2.6"]

[Event "MČR družstev mladších žáků 2024"]
[Site "Harrachov, Czech Republic"]
[Date "2024.06.15"]
[Round "5.26"]
[White "Gresek Oskar"]
[Black "Tykalova Barbora"]
[Result "1/2-1/2"]
[TimeControl "25+10"]
[WhiteFideId "23750189"]
[BlackFideId "23750898"]
[WhiteElo "1467"]
[BlackElo "1284"]

1. e4 e5 2. Nf3 d5 3. d3 dxe4 4. dxe4 Qxd1+ 5. Kxd1 Nf6 6. Nxe5 Nxe4 7. Be3 Bd6 8. Nc4 O-O 9. Nxd6 cxd6 10.
Nd2 Nf6 11. Be2 Bf5 12. Bf3 d5 13. Bd4 Nbd7 14. Nb3 Rac8 15. c3 Rfe8 16. Kd2 b6 17. Rhe1 h6 18. Rxe8+ Rxe8 19. Re1 Be4 20.
Bxf6 Nxf6 21. Nd4 Nd7 22. Bxe4 dxe4 23. Nb3 Kh7 24. c4 Rd8 25. Kc3 Nf6 26. Nd2 Rd3+ 27. Kc2 Rd4 28. Kc3 Rd3+ 29.
Kc2 Rd4 1/2-1/2



[ePGN "0.1;DGT LiveChess/2.2.6"]

[Event "MČR družstev mladších žáků 2024"]
[Site "Harrachov, Czech Republic"]
[Date "2024.06.15"]
[Round "5.27"]
[White "Koutecky Vaclav"]
[Black "Zidkova Agnes"]
[Result "1-0"]
[TimeControl "25+10"]
[WhiteFideId "23752602"]
[BlackFideId "23761660"]
[WhiteElo "1194"]
[BlackElo "1159"]

1. e4 e6 2. d4 d5 3. Nc3 Nf6 4. e5 Nfd7 5. Bd3 Bb4 6. Nf3 Bxc3+ 7. bxc3 c5 8. c4 cxd4 9. cxd5 exd5 10.
O-O Nc6 11. Re1 O-O 12. Bxh7+ Kxh7 13. Ng5+ Kg8 14. Qh5 Qxg5 15. Bxg5 Ndxe5 16. Be7 Re8 17. Rxe5 Nxe5 18. Qxe5 Bd7 19.
Qg5 Rac8 20. Bf6 g6 21. Qh6 1-0



[ePGN "0.1;DGT LiveChess/2.2.6"]

[Event "MČR družstev mladších žáků 2024"]
[Site "Harrachov, Czech Republic"]
[Date "2024.06.15"]
[Round "5.28"]
[White "Kurka Stepan"]
[Black "Strazhnyk Yevhen"]
[Result "1/2-1/2"]
[TimeControl "25+10"]
[WhiteFideId "23769149"]
[BlackFideId "23771305"]
[WhiteElo "1180"]
[BlackElo "1150"]

1. e4 e5 2. Nf3 Nc6 3. Nc3 Nf6 4. Bb5 d6 5. d3 Bd7 6. h3 g6 7. O-O Bg7 8. Bxc6 Bxc6 9. Bg5 O-O 10. Re1 Qd7 11. Qd2 Nh5 12. Rad1 Qe6 13.
Bh6 Nf4 14. Bxg7 Kxg7 15. Ng5 Qf6 16. Nf3 Nxh3+ 17. Kf1 Nf4 18. d4 exd4 19. Nxd4 Qh4 20. f3 Qh1+ 21. Kf2 Qxg2+ 22. Ke3 Qg5 23. Kf2 Nh3+ 24. Kf1 Qg1+ 25. Ke2 Qf2+ 26. Kd3 Qxd2+ 27. Kxd2 Bd7 28.
Nd5 c6 29. Ne3 Nf4 30. Kc1 Ne6 31. Ne2 d5 32. exd5 cxd5 33. Nxd5 Bb5 34. Nec3 Bc6 35. Re3 Rad8 1/2-1/2



[ePGN "0.1;DGT LiveChess/2.2.6"]

[Event "MČR družstev mladších žáků 2024"]
[Site "Harrachov, Czech Republic"]
[Date "2024.06.15"]
[Round "5.3"]
[White "Kolar Edvard"]
[Black "Moravec Rene"]
[Result "1-0"]
[TimeControl "25+10"]
[WhiteFideId "23746238"]
[BlackFideId "23745274"]
[WhiteElo "1553"]
[BlackElo "1295"]

1. e4 c5 2. Nf3 Nc6 3. d4 cxd4 4.
Nxd4 g6 5. Nc3 Bg7 6. Be3 Nf6 7. Bc4 O-O 8. Bb3 Ne8 9. Qd2 Nf6 10. f3 d6 11. O-O-O a5 12. h4 Bd7 13. Nxc6 bxc6 14.
h5 Nxh5 15. Bh6 Be5 16. Rxh5 gxh5 17. Qg5+ Kh8 18. Bxf8 Qxf8 19. Qxh5 Qg7 20. Rh1 a4 21. Bxf7 a3 22. Nd1 Rb8 23.
b3 Rb5 24. Qg6 Qxg6 25. Bxg6 h6 26. Kb1 Kg7 27. Bh5 Bd4 28. f4 e5 29. f5 d5 30. Bf3 Be8 31. Rf1 Kf6 32. g4 Kg5 33.
f6 Bf7 34. Be2 Rb6 35. c3 Bc5 36. Rf5+ Kg6 37. exd5 cxd5 38. Rxe5 Kxf6 39. Rf5+ Kg6 40. Bd3 Kg7 41. g5 hxg5 42.
Rxg5+ Kf6 43. Rg2 d4 44. Nf2 dxc3 45. Ne4+ Ke5 46. Nxc5 Kd4 47. Na4 Rh6 48. Kc2 Bxb3+ 49. Kxb3 Kxd3 50.
Rg3 Kd4 51. Rxc3 Ra6 52. Kxa3 Ra8 53. Rb3 Kc4 54. Rb4+ Kd3 55. Kb3 Kd2 56. Nb6 Ra7 57. a4 Rc7 58. Nc4+ Kd3 59. a5 Kd4 60.
Ka4 Kc5 61. a6 Ra7 62. Rb6 Kxc4 63. Ka5 Kc5 64. Rb7 Ra8 65. Rc7 Kd6 66. Rc1 Rb8 67. a7 Rb3 68. Ra1 Kc5 69. a8=Q Rb5+ 70.
Ka4 Rb4+ 71. Ka3 Rc4 72. Qc8+ Kd4 73. Rd1+ Kc3 74. Qh3 Kc2 75. Qd3+ 1-0



[ePGN "0.1;DGT LiveChess/2.2.6"]

[Event "MČR družstev mladších žáků 2024"]
[Site "Harrachov, Czech Republic"]
[Date "2024.06.15"]
[Round "5.4"]
[White "Sevcikova Terezie"]
[Black "Gernert Tomas"]
[Result "0-1"]
[TimeControl "25+10"]
[WhiteFideId "23766425"]
[BlackFideId "23750219"]
[WhiteElo "1447"]
[BlackElo "1409"]

1. d4 Nf6 2. Bf4 c6 3. e3 Qb6 4. b3 d5 5. Nd2 Bf5 6. Ngf3 e6 7. Be2 Bb4 8. O-O Bc3 9. Rb1 O-O 10.
h3 Nbd7 11. b4 a5 12. bxa5 Qxa5 13. Rxb7 Qxa2 14. Nb1 Bxc2 15. Qc1 Bxb1 16. Rxb1 Ne4 17. Bd3 Ndf6 18. Be5 Qa3 19. Bxf6 Nxf6 20. Qc2 Rfb8 21. Ne5 c5 22. Nf3 c4 23.
Be2 Rb2 24. Rxb2 Qxb2 25. Qxb2 Bxb2 26. Rb1 Ra1 27. Rxa1 Bxa1 28. Bd1 Kf8 29. Kf1 Ne4 30. Bc2 f5 31. Ke2 Ke7 32. Ne5 Nd6 33.
f4 Nb5 34. Ke1 Na3 35. Kd2 c3+ 36. Kd3 Nxc2 37. Kxc2 Bb2 38. g4 fxg4 39. hxg4 h6 40. Nc6+ Kf6 41.
Ne5 g6 42. Nd7+ Kg7 43. Ne5 h5 44. g5 h4 45. Nf3 h3 46. Nh2 Kf7 47. Ng4 Ke7 48. Nh2 Kd6 49. Ng4 Kc6 50. Nh2 Kb5 51. Ng4 Kb4 52. Nh2 Kc4 53.
Ng4 Kb4 54. Nh2 Ba3 55. Ng4 Kc4 56. Nh2 Bd6 57. Ng4 Bxf4 58. exf4 Kxd4 59. Nh2 Kc4 60. Nf3 d4 61. Ne5+ Kd5 62.
Nf3 Ke4 63. Nh2 Kxf4 64. Kd3 e5 65. Kc2 Kxg5 66. Kd3 Kf4 67. Kc2 Kg3 68. Nf1+ Kf2 69. Nh2 Kg2 70. Ng4 h2 71. Nxh2 Kxh2 72. Kd3 g5 73. Kc2 g4 0-1



[ePGN "0.1;DGT LiveChess/2.2.6"]

[Event "MČR družstev mladších žáků 2024"]
[Site "Harrachov, Czech Republic"]
[Date "2024.06.15"]
[Round "5.5"]
[White "Kusova Nikola"]
[Black "Chauvin Simon"]
[Result "1-0"]
[TimeControl "25+10"]
[WhiteFideId "23733705"]
[BlackFideId "23739053"]
[WhiteElo "1353"]
[BlackElo "1085"]

1. e4 e5 2. Nc3 Nc6 3. Bc4 Nf6 4. d3 Bb4 5. Nge2 d6 6. O-O O-O 7. f4 Bg4 8. h3 Bh5 9. g4 Nxg4 10. hxg4 Bxg4 11. Qe1 Bxc3 12. Nxc3 Nd4 13. Qg3 Nxc2 14. Qxg4 Nxa1 15. Qg2 exf4 16. Bxf4 Qh4 17. Bg5 Qh5 18. Rxa1 Qg6 19. Rf1 h6 20. Be7 Qxg2+ 21. Kxg2 Rfc8 22. Bxf7+ Kh7 23.
Ne2 c6 24. Bxd6 Rd8 25. e5 b6 26. Nf4 c5 27. Ne6 Rac8 28.
Nxd8 Rxd8 29. e6 Rxd6 30. e7 Rxd3 31. e8=Q Rd2+ 32. Kg1 Rxb2 33. Bg6# 1-0



[ePGN "0.1;DGT LiveChess/2.2.6"]

[Event "MČR družstev mladších žáků 2024"]
[Site "Harrachov, Czech Republic"]
[Date "2024.06.15"]
[Round "5.7"]
[White "Vanek Martin"]
[Black "Vancakova Veronika"]
[Result "0-1"]
[TimeControl "25+10"]
[WhiteFideId "23769238"]
[BlackFideId "23731907"]
[WhiteElo "1580"]
[BlackElo "1437"]

1. d4 Nf6 2. c4 g6 3. Nc3 Bg7 4.
e4 d6 5.
h3 O-O 6. Be3 Nbd7 7. g4 e5 8. d5 h5 9. f3 Nb6 10. Bd3 c6 11. Nge2 cxd5 12. cxd5 Bd7 13. Bg5 hxg4 14. hxg4 Re8 15.
Ng3 a6 16. Qd2 Kf8 17. O-O-O Qc7 18. Kb1 Nc4 19. Bxc4 Qxc4 20. Qe2 Qxe2 21. Ncxe2 Rec8 22. Rc1 Be8 23. Be3 Bd7 24. Rxc8+ Rxc8 25.
Rc1 Ke7 26. Rxc8 Bxc8 27. Kc2 Kd7 28. Kc3 Nh7 29. Kc4 Bf6 30. Kd3 Kc7 31. Nc3 Bd7 32. a4 Bh4 33. Nf1 Bg5 34. Bf2 Bc1 35.
b3 Ng5 36. Ke2 Bb2 37. Nd1 Ba3 38. a5 Bb5+ 39. Ke3 Bxf1 40. Be1 Bc5+ 41. Kd2 Nxf3+ 0-1



[ePGN "0.1;DGT LiveChess/2.2.6"]

[Event "MČR družstev mladších žáků 2024"]
[Site "Harrachov, Czech Republic"]
[Date "2024.06.15"]
[Round "5.8"]
[White "Walder Hugo"]
[Black "Bilek Filip"]
[Result "1-0"]
[TimeControl "25+10"]
[WhiteFideId "23743360"]
[BlackFideId "23763493"]
[WhiteElo "1489"]
[BlackElo "1249"]

1. e4 c5 2. Nf3 e6 3.
d4 cxd4 4. Nxd4 Nf6 5. Bd3 Nc6 6. c3 Bc5 7. Nxc6 bxc6 8. O-O O-O 9. Bg5 Be7 10. e5 Nd5 11. Bxe7 Qxe7 12. Qd2 f6 13.
f4 Qf7 14. c4 Nb6 15. Nc3 f5 16. Qf2 Ba6 17. b3 Qg6 18. Qh4 Rf7 19. Rf3 Qh6 20. Qxh6 gxh6 21. Rh3 Kg7 22. Re1 Rd8 23.
Ree3 d6 24. Reg3+ Kh8 25. Rxh6 dxe5 26. fxe5 Re7 27. Kf2 Bb7 28. Ke2 Rd4 29. Rf6 Rg4 30. Rxg4 fxg4 31. Ne4 Kg7 32. Ng5 Bc8 33.
Bxh7 Nd7 34. Rg6+ Kf8 35. Rg8# 1-0



[ePGN "0.1;DGT LiveChess/2.2.6"]

[Event "MČR družstev mladších žáků 2024"]
[Site "Harrachov, Czech Republic"]
[Date "2024.06.15"]
[Round "5.9"]
[White "Najdkova Laura"]
[Black "Bucek Vit"]
[Result "0-1"]
[TimeControl "25+10"]
[WhiteFideId "23751290"]
[BlackFideId "23750812"]
[WhiteElo "1337"]
[BlackElo "1582"]

1. e4 c5 2. Nf3 Nc6 3. d4 cxd4 4. Nxd4 g6 5. Nc3 Bg7 6.
Be3 Nf6 7. Be2 O-O 8. O-O d6 9. f4 Bd7 10. Kh1 Rc8 11. Qe1 Nxe4 12. Nxc6 Bxc6 13. Nxe4 Bxe4 14. c3 Qc7 15. Rd1 Qa5 16.
a3 Rfd8 17. Bf3 Bxf3 18. Rxf3 Qb5 19. Qd2 a5 20. Qd5 Qxb2 21. Qxa5 Bxc3 22. Qd5 Bg7 23. Qe4 Re8 24. f5 Rc2 25.
Rg1 Re2 26. fxg6 hxg6 27. Qf4 Rf8 28. Qh4 Bh8 29. Rh3 Qg7 30. Bh6 Qf6 31. Bxf8 Qxh4 32. Rxh4 Bf6 33. Rb4 Kxf8 34. Rxb7 Ra2 35.
Rb8+ Kg7 36. Ra8 d5 37. Rd1 d4 38. g3 e5 39. Kg1 e4 40. Ra4 e3 41. Rdxd4 Ra1+ 42. Kg2 Bxd4 43. Rxd4 e2 44.
Re4 e1=Q 45. Rxe1 Rxe1 46. a4 Ra1 47. a5 Rxa5 48. h4 Kf6 49. Kh3 Ra3 50. Kg4 Ra4+ 51. Kh3 Kf5 52. g4+ Rxg4 53. h5 gxh5 54. Kh2 Kf4 55. Kh3 h4 56. Kh2 Rg8 57. Kh3 Kf3 58. Kh2 Kf2 59.
Kh3 Rg3+ 60. Kh2 f5 61. Kh1 f4 62. Kh2 f3 63. Kh1 Ke3 64. Kh2 f2 65.
Kh1 f1=Q+ 66. Kh2 Qg2+ 0-1



[ePGN "0.1;DGT LiveChess/2.2.6"]